AoeStats
← Gotagatv59220

Oasis

507810991Analyzed
2v2 RM · 12d ago on Sep 19, 2026· 55m 7s· 4 players
Game mode
Random Map
Map size
Medium (4 player)
Population
200
Speed
Normal
Resources
Standard
Victory
Conquest
Starting age
Dark Age
Ending age
Imperial Age
RankedLock teamsTeams togetherTeam positionsShared explorationLock speedFull tech treeHidden civsTurbo modeCheats
Victory
Defeat
🇹🇷 Goths · Türkiye
864
+16
🇹🇷 Huns · Türkiye
861
+16
🇫🇷 Mongols · France
875
-17
🇫🇷 Goths · France
849
-15
OgedaySeferde
0:28 Loom
12:55 Feudal Age
22:12 Castle Age
20:17 Horse Collar
20:26 Double-Bit Axe
20:44 Stone Mining
20:52 Gold Mining
32:05 Imperial Age
30:52 Heavy Plow
31:12 Bow Saw
34:11 Conscription
37:18 Squires
37:23 Anarchy
39:04 Crop Rotation
39:38 Two-Man Saw
39:29 Stone Shaft Mining
40:33 Elite Huskarl
41:15 Perfusion
41:43 Pikeman
42:29 Scale Mail Armor
42:44 Forging
43:37 Chain Mail Armor
44:08 Caravan
45:39 Iron Casting
44:34 Halberdier
48:21 Blast Furnace
47:26 Scale Barding Armor
48:21 Husbandry
48:32 Bloodlines
47:56 Light Cavalry
49:58 Hussar
52:19 Chain Barding Armor
~Stricker*
0:27 Loom
13:12 Feudal Age
18:19 Stone Mining
21:09 Gold Mining
21:02 Horse Collar
23:08 Scale Barding Armor
23:14 Forging
25:20 Castle Age
25:38 Padded Archer Armor
25:28 Fletching
27:37 Gold Shaft Mining
27:28 Husbandry
27:39 Bloodlines
29:24 Elite Skirmisher
31:28 Thumb Ring
32:14 Leather Archer Armor
31:54 Bodkin Arrow
35:24 Marauders
38:01 Imperial Age
35:19 Town Watch
35:30 Double-Bit Axe
35:53 Heavy Plow
37:09 Ballistics
37:33 Chain Barding Armor
41:16 Chemistry
41:52 Bracer
42:47 Conscription
43:32 Wheelbarrow
44:30 Elite Tarkan
46:33 Iron Casting
47:41 Plate Barding Armor
48:10 Caravan
48:03 Light Cavalry
49:55 Atheism
50:40 Blast Furnace
Gotagatv59220
2:22 Loom
14:47 Feudal Age
18:48 Wheelbarrow
19:33 Double-Bit Axe
20:57 Horse Collar
22:03 Scale Mail Armor
22:13 Forging
22:23 Scale Barding Armor
25:23 Castle Age
25:48 Stone Mining
25:54 Gold Mining
26:50 Iron Casting
26:30 Chain Mail Armor
26:47 Bow Saw
27:52 Heavy Plow
29:39 Chain Barding Armor
31:00 Town Watch
33:33 Stone Shaft Mining
33:04 Caravan
33:33 Squires
32:55 Pikeman
34:43 Hand Cart
35:51 Town Patrol
39:21 Imperial Age
37:57 Anarchy
41:23 Conscription
41:05 Perfusion
40:37 Sappers
40:53 Onager
42:33 Crop Rotation
43:07 Two-Man Saw
43:46 Husbandry
43:57 Bloodlines
43:09 Light Cavalry
43:12 Cavalier
43:44 Light Cavalry
46:41 Blast Furnace
45:52 Elite Huskarl
46:50 Halberdier
46:57 Hussar
Soldat_Ultime0
3:11 Loom
10:57 Feudal Age
13:13 Double-Bit Axe
16:14 Castle Age
14:36 Fletching
15:05 Horse Collar
17:11 Heavy Plow
17:25 Stone Mining
18:25 Bodkin Arrow
19:56 Padded Archer Armor
20:13 Town Watch
23:14 Ballistics
26:25 Bow Saw
32:56 Leather Archer Armor
39:07 Imperial Age
37:37 Wheelbarrow
39:28 Hand Cart
39:34 Pikeman
41:53 Forging
41:44 Scale Mail Armor
41:56 Squires
42:09 Nomads
42:01 Arson
42:49 Gold Mining
43:48 Drill
45:05 Iron Casting
44:49 Chain Mail Armor
45:50 Heavy Scorpion
47:00 Caravan
48:17 Bloodlines
48:27 Capped Ram
50:22 Blast Furnace
49:20 Sappers
50:34 Light Cavalry
51:15 Husbandry
51:59 Siege Ram
54:09 Hussar
Connection lost

Rejoining the realm…

Still unreachable

The connection could not be restored.

Session expired

The server has moved on; the page needs a fresh start.